 Dungeon Crawl Stone Soup version 0.30.1-3-gfc49f6343a (webtiles) character file.

Game seed: 15597794108389634700

2655 jtron the Fighter (level 9, -12/78 HPs)
             Began as a Gnoll Wanderer on Aug 7, 2023.
             Was a Follower of Okawaru.
             Killed by the air
             ... invoked by Gastronok
              (29 damage)
             ... on level 8 of the Dungeon.
             The game lasted 00:22:18 (8694 turns).

jtron the Fighter (Gnoll Wanderer)                  Turns: 8694, Time: 00:22:18

Health: -12/78     AC: 10    Str:  9    XL:     9   Next: 62%
Magic:  24/24      EV: 14    Int: 14    God:    Okawaru [*.....]
Gold:   422        SH:  6    Dex: 18    Spells: 11/17 levels left

rFire   . . .        a - +2 long sword
rCold   + . .        A - +0 buckler
rNeg    . . .        d - +0 robe
rPois   .            e - +2 helmet "Raghoth" {Rampage MP+9 Int+2}
rElec   .            J - +1 cloak
rCorr   .            b - +1 pair of gloves
SInv    .            (no boots)
Will    .....        t - amulet of the acrobat
Stlth   +++          E - ring of protection from cold
HPRegen 0.33/turn    F - ring of wizardry
MPRegen 0.19/turn

%: acrobat, rampage, wizardry (x1)
@: no status effects
A: fangs 1, strong nose, distributed training
a: Renounce Religion, Heroism


You were on level 8 of the Dungeon.
You worshipped Okawaru.
Okawaru was aware of your devotion.
You visited 2 branches of the dungeon, and saw 9 of its levels.
You also visited: Sewer and Bailey.

You collected 422 gold pieces.

Inventory:

Hand Weapons
 a - a +2 long sword (weapon)
 u - a +1 dire flail of protection
 w - the +3 whip of Subjectivity {heavy, Fly rPois Str+6 Int-3}
   (You found it on level 4 of the Dungeon)

   Str:       It affects your strength (+6).
   Int:       It affects your intelligence (-3).
   rPois:     It protects you from poison.
   Fly:       It grants you flight.
 B - a +2 dagger of speed
Missiles
 g - 91 stones (quivered)
 o - a poisoned dart
 x - 4 atropa-tipped darts
 Q - 3 boomerangs
 S - 2 throwing nets
Armour
 b - a +1 pair of gloves (worn)
 d - a +0 robe (worn)
 e - the +2 helmet "Raghoth" (worn) {Rampage MP+9 Int+2}
   (You acquired it on level 5 of the Dungeon)

   Int:       It affects your intelligence (+2).
   MP:        It affects your magic capacity (+9).
   Rampage:   It bestows one free step when moving towards enemies.
 v - a +3 ring mail of willpower
 A - a +0 buckler (worn)
 J - a +1 cloak (worn)
Magical Staves
 H - a staff of poison
Jewellery
 t - an amulet of the acrobat (around neck)
 D - a ring of protection from cold
 E - a ring of protection from cold (left hand)
 F - a ring of wizardry (right hand)
 G - a ring of positive energy
 K - a ring of ice
Wands
 k - a wand of flame (15)
 p - a wand of polymorph (19)
 y - a wand of mindburst (15)
 L - a wand of roots (8)
Scrolls
 i - 4 scrolls of magic mapping
 l - a scroll of blinking
 n - a scroll of identify
 q - 2 scrolls of fog
 s - a scroll of enchant armour
 C - 2 scrolls of teleportation
 M - 2 scrolls of fear
 N - a scroll of amnesia
Potions
 c - 4 potions of attraction
 f - 6 potions of brilliance
 h - a potion of degeneration
 j - 2 potions of ambrosia
 m - a potion of haste
 r - a potion of heal wounds
 z - a potion of curing
 O - a potion of invisibility
 P - a potion of berserk rage
 R - a potion of magic


   Skills:
 + Level 9.7 Fighting
 + Level 4.6 Short Blades
 + Level 8.1 Long Blades
 + Level 4.6 Axes
 + Level 4.6 Maces & Flails
 + Level 4.6 Polearms
 + Level 4.6 Staves
 + Level 4.6 Ranged Weapons
 + Level 5.3 Throwing
 + Level 5.3 Armour
 + Level 4.6 Dodging
 + Level 5.2 Stealth
 + Level 4.6 Shields
 + Level 4.6 Unarmed Combat
 + Level 4.6 Spellcasting
 + Level 3.8 Conjurations
 + Level 3.8 Hexes
 + Level 3.8 Summonings
 + Level 3.8 Necromancy
 + Level 3.8 Translocations
 + Level 3.8 Transmutations
 + Level 3.8 Fire Magic
 + Level 3.8 Ice Magic
 + Level 3.8 Air Magic
 + Level 3.8 Earth Magic
 + Level 3.8 Poison Magic
 + Level 5.0 Invocations
 + Level 4.6 Evocations


You had 11 spell levels left.
You knew the following spells:

 Your Spells              Type           Power      Damage    Failure   Level
a - Sting                 Tmut/Pois      52%        1d5       2%          1
b - Spider Form           Tmut/Pois      13%        N/A       7%          3
c - Static Discharge      Conj/Air       26%        2-4/arc   3%          2

Your spell library contained the following spells:

 Spells                   Type           Power      Damage    Failure   Level
 Apportation              Tloc           26%        N/A       2%          1
 Ensorcelled Hibernation  Hex/Ice        26%        N/A       3%          2
 Poisonous Vapours        Pois/Air       26%        N/A       3%          2
 Airstrike                Air            6%         2d(1-17)  22%         4
 Anguish                  Hex/Necr       6%         N/A       22%         4
 Olgreb's Toxic Radiance  Pois           13%        N/A       22%         4
 Alistair's Intoxication  Tmut/Pois      8%         N/A       50%         5
 Orb of Destruction       Conj           6%         9d6       100%        7
 Summon Guardian Golem    Hex/Summ       Unusable   N/A       N/A         3
 Summon Lightning Spire   Summ/Air       Unusable   N/A       N/A         4
 Spellforged Servitor     Conj/Summ      Unusable   N/A       N/A         7

Dungeon Overview and Level Annotations

Branches:
Dungeon (8/15)             Temple (1/1) D:6            Lair (0/5) D:8
  Sewer (visited)          Bailey (visited)

Altars:
Ashenzari
Cheibriados
Dithmenos
Elyvilon
Fedhas
Gozag
Kikubaaqudgha
Makhleb
Nemelex Xobeh
Okawaru
Qazlal
Ru
Trog
Uskayaw
Vehumet
Wu Jian
Xom
Yredelemnul
Zin
The Shining One

Annotations:
D:8 Gastronok


Innate Abilities, Weirdness & Mutations

You have very sharp teeth.
Your uncanny sense of smell can sniff out nearby items.
Your experience applies equally to all skills.


Message History

You hit Gastronok.
Gastronok is heavily wounded.
You slash Gastronok!
Gastronok is heavily wounded.
You hit Gastronok.
Gastronok is heavily wounded.
Gastronok casts a spell at you.
You barely resist. You hit Gastronok.
Gastronok is heavily wounded.
You slash Gastronok!
Gastronok is severely wounded.
Gastronok chants a spell, wobbling all the while.
You slash Gastronok!
Gastronok is severely wounded.
You block the bat's attack.
You hit Gastronok.
Gastronok is severely wounded.
The bat barely misses you.
You slash Gastronok!
Gastronok is severely wounded.
The bat closely misses you. Gastronok bites you!!
* * * LOW HITPOINT WARNING * * *
You hit Gastronok but do no damage.
Gastronok is severely wounded.
The bat closely misses you.
You hit Gastronok but do no damage. You bite Gastronok, but do no damage.
Gastronok is severely wounded.
You feel like a meek peon again. The bat hits you but does no damage.
You feel a sudden, passing aversion to salt.
You slash Gastronok!
Gastronok is almost dead.
The bat hits you but does no damage.
You completely miss Gastronok. You bite Gastronok, but do no damage.
Gastronok is almost dead.
The bat barely misses you.
Gastronok waves his eye-stalks in wide circles.
The air twists around and strikes you!!
You die...

. #... ......###...## . ... #
#....#####...#### . ... .#
#...##[..##...)). . .. ..# ###
#...##..$##.##### .#.# ....
##..##...##...##.# ## ...#....#
##.........#'''#..# #<
......(.###.................#####
.<..........................#.##.
........##. #bw@..)...........#.
.#####.####.##(...)))...........#
. .......................# .
........................ .
...........#............ .
...........#............ .
#.............#.......##
#..........#.##...<...#
#..........#>.#..#....##


You could see Gastronok and a bat (summoned).

Vanquished Creatures
  Edmund (D:4)
  2 ice beasts
  2 black bears (D:6)
  An orc warrior (Bailey)
  A sky beast (D:7)
  An ogre (D:5)
  A centaur (D:6)
  A phantom (D:5)
  6 kobold brigands
  A scorpion (D:5)
  3 wights (D:7)
  3 killer bees (D:8)
  3 howler monkeys
  3 hounds
  A jelly (D:6)
  An orc priest (D:3)
  A gnoll bouda (D:8)
  3 iguanas
  5 orc wizards
  Natasha (thrice) (D:2)
  A sleepcap (D:5)
  11 gnolls
  11 adders
  2 river rats
  A shadow imp (D:6)
  An ufetubus (D:5)
  5 worms
  2 dart slugs
  29 orcs
  8 ball pythons
  10 bats
  11 endoplasms
  7 giant cockroaches
  5 goblins
  7 hobgoblins
  6 jackals (D:1)
  2 quokkas (D:1)
  A frilled lizard (D:2)
  18 kobolds
  7 rats
188 creatures vanquished.

Notes
Turn   | Place    | Note
-------+----------+-------------------------------------------
     0 | D:1      | jtron the Gnoll Wanderer began the quest for the Orb.
     0 | D:1      | jtron set off with the following items: a +1 long sword, a
                  | +0 pair of gloves, a potion of attraction, a +0 robe.
     0 | D:1      | Reached XP level 1. HP: 26/26 MP: 1/1
   158 | D:1      | Reached XP level 2. HP: 29/33 MP: 2/2
   550 | D:1      | Reached XP level 3. HP: 35/38 MP: 3/3
   682 | D:1      | Found a faded altar of an unknown god.
   823 | D:2      | Reached skill level 1 in Invocations
  1240 | D:2      | Reached skill level 1 in Short Blades
  1240 | D:2      | Reached skill level 1 in Axes
  1240 | D:2      | Reached skill level 1 in Maces & Flails
  1240 | D:2      | Reached skill level 1 in Polearms
  1240 | D:2      | Reached skill level 1 in Staves
  1240 | D:2      | Reached skill level 1 in Ranged Weapons
  1240 | D:2      | Reached skill level 1 in Dodging
  1240 | D:2      | Reached skill level 1 in Shields
  1240 | D:2      | Reached skill level 1 in Unarmed Combat
  1240 | D:2      | Reached skill level 1 in Spellcasting
  1240 | D:2      | Reached skill level 1 in Evocations
  1522 | D:2      | Reached XP level 4. HP: 45/45 MP: 5/5
  1563 | D:2      | Noticed Natasha
  1570 | D:2      | Killed Natasha
  1571 | D:2      | Reached skill level 1 in Conjurations
  1571 | D:2      | Reached skill level 1 in Hexes
  1571 | D:2      | Reached skill level 1 in Summonings
  1571 | D:2      | Reached skill level 1 in Necromancy
  1571 | D:2      | Reached skill level 1 in Translocations
  1571 | D:2      | Reached skill level 1 in Transmutations
  1571 | D:2      | Reached skill level 1 in Fire Magic
  1571 | D:2      | Reached skill level 1 in Ice Magic
  1571 | D:2      | Reached skill level 1 in Air Magic
  1571 | D:2      | Reached skill level 1 in Earth Magic
  1571 | D:2      | Reached skill level 1 in Poison Magic
  1693 | D:2      | Noticed Natasha
  1701 | D:2      | Killed Natasha
  1906 | D:2      | Noticed Natasha
  1913 | D:2      | Killed Natasha
  1914 | D:2      | Reached XP level 5. HP: 42/51 MP: 5/7
  2297 | D:3      | Reached XP level 6. HP: 53/57 MP: 8/8
  2412 | D:3      | Found a glowing drain.
  2431 | Sewer    | Entered a sewer
  2766 | Sewer    | Reached XP level 7. HP: 43/63 MP: 10/10
  3139 | Sewer    | Reached skill level 9 in Fighting
  4040 | D:4      | Noticed Edmund
  4221 | D:4      | Killed Edmund
  4329 | D:4      | Identified the +3 whip of Subjectivity {heavy, Fly rPois
                  | Str+6 Int-3}
  4811 | D:5      | Entered Level 5 of the Dungeon
  4835 | D:5      | Identified a scroll of acquirement
  4835 | D:5      | Acquired the +2 helmet "Raghoth" {Rampage MP+9 Int+2}
  5029 | D:5      | Reached XP level 8. HP: 70/71 MP: 12/12
  5196 | D:5      | Acquired a ring of wizardry
  5618 | D:5      | Noticed a kobold demonologist
  5619 | D:5      | Noticed an ice devil
  6244 | D:6      | Found a staircase to the Ecumenical Temple.
  6259 | D:6      | Reached XP level 9. HP: 74/77 MP: 14/14
  6275 | Temple   | Entered the Ecumenical Temple
  6485 | Temple   | Became a worshipper of Warmaster Okawaru
  6547 | D:6      | Learned a level 1 spell: Sting
  6551 | D:6      | Learned a level 3 spell: Spider Form
  6990 | D:7      | Reached skill level 5 in Throwing
  6990 | D:7      | Reached skill level 5 in Armour
  7480 | D:7      | Found a flagged portal.
  7614 | Bailey   | Entered a bailey
  7640 | Bailey   | Reached skill level 5 in Stealth
  7847 | D:7      | Learned a level 2 spell: Static Discharge
  7960 | D:7      | Reached * piety under Okawaru
  8064 | D:7      | Identified the +7 sling of Itzogge {freeze, Will- rCorr
                  | MP+9}
  8411 | D:8      | Reached skill level 5 in Invocations
  8567 | D:8      | Found a staircase to the Lair.
  8669 | D:8      | Noticed Gastronok
  8694 | D:8      | Killed from afar by Gastronok

Illustrated notes

Levels and vault maps discovered:
D:1:      evilmike_arrival_crescent, layout_basic, ebering_ecumenical_altar_rust
D:2:      layout_loops_corners, uniq_natasha
D:3:      cheibrodos_pilgrimage, layout_basic, portal_sewer_entry_a,
          guppyfry_early_orc_mine
D:4:      layout_loops_ring, uniq_edmund
D:5:      cheibrodos_two_vegetables, layout_basic
D:6:      layout_rooms, minmay_temple_entry_overgrown
D:7:      layout_loops_cross, enter_bailey_6
D:8:      layout_cave_pools, jmf_multi_god_temple, lair_entry_dummy,
          serial_gnoll_camp, gnoll_camp_huts_moat, gnoll_camp_mini_hut,
          gnoll_camp_medium_02, gnoll_camp_mini_loothouse, gnoll_camp_mini_hut,
          uniq_grum, uniq_gastronok, uniq_erica
Temple:   nicolae_temple_bog_church

Skill      XL: |  1  2  3  4  5  6  7  8  9 |
---------------+----------------------------+-----
Invocations    | 1 2 3 4 5 |  5.0
Short Blades   | 1 2 3 4 |  4.6
Axes           | 1 2 3 4 |  4.6
Maces & Flails | 1 2 3 4 |  4.6
Polearms       | 1 2 3 4 |  4.6
Staves         | 1 2 3 4 |  4.6
Ranged Weapons | 1 2 3 4 |  4.6
Dodging        | 1 2 3 4 |  4.6
Shields        | 1 2 3 4 |  4.6
Unarmed Combat | 1 2 3 4 |  4.6
Spellcasting   | 1 2 3 4 |  4.6
Evocations     | 1 2 3 4 |  4.6
Conjurations   | 1 2 3 |  3.8
Hexes          | 1 2 3 |  3.8
Summonings     | 1 2 3 |  3.8
Necromancy     | 1 2 3 |  3.8
Translocations | 1 2 3 |  3.8
Transmutations | 1 2 3 |  3.8
Fire Magic     | 1 2 3 |  3.8
Ice Magic      | 1 2 3 |  3.8
Air Magic      | 1 2 3 |  3.8
Earth Magic    | 1 2 3 |  3.8
Poison Magic   | 1 2 3 |  3.8
Throwing       | 3 4 5 |  5.3
Armour         | 3 4 5 |  5.3
Stealth        | 3 4 5 |  5.2
Long Blades    | 7 8 |  8.1
Fighting       | 9 |  9.7

Action                     |  1- 3 |  4- 6 |  7- 9 || total
---------------------------+-------+-------+-------++-------
  Melee: Long sword        |    81 |   127 |   336 ||   544
         Bite              |     5 |    14 |    35 ||    54
         Punch             |     1 |       |     2 ||     3
         Unarmed           |       |       |    10 ||    10
  Throw: Stone             |       |     9 |       ||     9
         Dart              |       |     1 |    77 ||    78
   Cast: Spider Form       |       |       |     1 ||     1
 Invoke: Heroism           |       |       |     1 ||     1
  Evoke: Wand              |       |       |     6 ||     6
    Use: Scroll            |     4 |     4 |    18 ||    26
         Potion            |       |       |     2 ||     2
   Stab: Sleeping          |    10 |     2 |     9 ||    21
         Distracted        |       |       |     1 ||     1
         Invisible         |       |       |     3 ||     3
 Armour: Robe              |    32 |    21 |    76 ||   129
  Dodge: Dodged            |    54 |    65 |   204 ||   323
  Block: Buckler           |       |       |    53 ||    53
